 Dungeon Crawl Stone Soup version 0.31-a0-233-g139696dc86 (webtiles) character file.

Game seed: 15900903326872671931

115 qw the Shooter (level 4, -1/36 HPs)
             Began as a Minotaur Hexslinger on July 7, 2023.
             Slain by a gnoll
             ... wielding a +0 club
             ... led by a gnoll bouda
              (5 damage)
             ... on level 3 of the Dungeon.
             The game lasted 00:00:39 (1488 turns).

qw the Shooter (Minotaur Hexslinger)                Turns: 1488, Time: 00:00:39

Health: -1/36      AC:  3    Str: 13    XL:     4   Next: 68%
Magic:  4/4        EV: 12    Int: 10    God:
Gold:   50         SH:  0    Dex: 14    Spells: 4/5 levels left

rFire   . . .        Y - +2 sling
rCold   . . .        (no shield)
rNeg    . . .        f - +0 leather armour
rPois   .            (helmet restricted)
rElec   .            (no cloak)
rCorr   .            (no gloves)
SInv    .            (no boots)
Will    .....        (no amulet)
Stlth   +            (no ring)
HPRegen 0.26/turn    (no ring)
MPRegen 0.09/turn

%: no passive effects
@: no status effects
A: horns 2, retaliatory headbutt
a: no special abilities


You were on level 3 of the Dungeon.
You visited 1 branch of the dungeon, and saw 3 of its levels.

You collected 191 gold pieces.
You spent 141 gold pieces at shops.


Innate Abilities, Weirdness & Mutations

You have a pair of horns on your head.
You reflexively headbutt those who attack you in melee.


   Skills:
 + Level 2.0 Fighting
 - Level 5.2 Ranged Weapons
 - Level 2.1 Dodging
 - Level 1.0 Spellcasting
 - Level 2.0 Hexes


You had 4 spell levels left.
You knew the following spells:

 Your Spells              Type           Power      Damage    Failure   Level
a - Slow                  Hex            16%        N/A       19%         1

Your spell library contained the following spells:

 Spells                   Type           Power      Damage    Failure   Level
 Inner Flame              Hex/Fire       2%         N/A       65%         3
 Portal Projectile        Hex/Tloc       4%         N/A       65%         3
 Cause Fear               Hex            2%         N/A       88%         4

Inventory:

Hand Weapons
 Y - a +2 sling (weapon)
Armour
 f - a +0 leather armour (worn)
Scrolls
 b - a scroll of teleportation
Potions
 a - 2 potions of curing
 c - a potion of heal wounds {unknown}
 d - a potion of cancellation {unknown}
 e - 3 potions of attraction {unknown}
 i - a potion of degeneration {unknown}
 k - a potion of berserk rage {unknown}

Dungeon Overview and Level Annotations

Branches:
Dungeon (3/15)

Altars:

Shops:
D:1 ?   D:2 *   D:3 *


Message History

The gnolls pick up the pace!
The gnoll shouts!
You shoot a sling bullet.
The sling bullet closely misses the gnoll bouda.
The sling bullet barely misses the gnoll.
You shoot a sling bullet. The sling bullet hits the gnoll bouda.
The gnoll bouda is severely wounded.
The gnoll barely misses you.
The gnoll bouda hits you but does no damage.
You shoot a sling bullet.
The sling bullet barely misses the gnoll bouda.
The sling bullet closely misses the gnoll.
The gnoll bouda barely misses you. You furiously retaliate!
You headbutt the gnoll bouda!
You kill the gnoll bouda!
The gnoll closely misses you.
Your Ranged Weapons skill increases to level 5!
You shoot a sling bullet.
The sling bullet hits the gnoll but does no damage.
The gnoll misses you. You furiously retaliate!
You headbutt the gnoll, but do no damage.
The gnoll hits you with a +0 club.
The gnoll hits you from afar with a +0 halberd!
You shoot a sling bullet.
The sling bullet barely misses the gnoll.
The gnoll closely misses you. The gnoll hits you with a +0 club.
The gnoll closely misses you. x2
You shoot a sling bullet. The sling bullet hits the gnoll.
The gnoll is lightly wounded.
The gnoll hits you with a +0 club. The gnoll completely misses you.
The gnoll hits you with a +0 whip! The gnoll closely misses you.
You shoot a sling bullet. The sling bullet hits the gnoll.
The gnoll is heavily wounded.
The gnoll closely misses you. x2; You furiously retaliate!
You headbutt the gnoll. The gnoll misses you. The gnoll barely misses you.
You shoot a sling bullet.
The sling bullet hits the gnoll but does no damage.
The gnoll is heavily wounded.
The gnoll hits you with a +0 whip! The gnoll hits you with a +0 club.
You die...

#.#
..........
#.##....#
#....
#.##.)..#
#..#.
#.##....#
#.#####..#.
#.##....#
.........#.
#.##....#
....###.###
#.##...g#
...........
#.##...g#
....####.##
#.##..g@#
.. #.#
#.#####.#
#.# #.# #.#
#.. #.# #.#
#..
#.#####.#
#...
#.......#
#...
#########
#...


You could see 3 gnolls.

Vanquished Creatures
  A gnoll bouda (D:3)
  A gnoll (D:3)
  2 adders (D:2)
  3 dart slugs
  3 bats
  3 endoplasms
  A giant cockroach (D:1)
  4 goblins (D:1)
  7 hobgoblins
  5 quokkas
  4 ball pythons
  3 frilled lizards
  8 kobolds
  6 rats
51 creatures vanquished.

Notes
Turn   | Place    | Note
-------+----------+-------------------------------------------
     0 | D:1      | qw the Minotaur Hexslinger began the quest for the Orb.
     0 | D:1      | Reached XP level 1. HP: 16/16 MP: 1/1
     0 | D:1      | 0 ||| qw: Version: 0.3-a-46-gb1f654a
     0 | D:1      | 0 ||| qw: Game counter: 3109
     0 | D:1      | 0 ||| qw: Melee chars always use a shield: true
     0 | D:1      | 0 ||| qw: God list: Okawaru
     0 | D:1      | 0 ||| qw: Allow faded altars: false
     0 | D:1      | 0 ||| qw: Do Orc after clearing Dungeon:15 true
     0 | D:1      | 0 ||| qw: Do second Lair branch before Depths: true
     0 | D:1      | 0 ||| qw: Lair rune preference: random
     0 | D:1      | 0 ||| qw: Goals: Normal
     0 | D:1      | 0 ||| PLANNING D:1-11
    92 | D:1      | Reached skill level 3 in Ranged Weapons
    92 | D:1      | Reached XP level 2. HP: 23/23 MP: 2/2
   114 | D:1      | Found Pemaur's Magic Scroll Shop.
   124 | D:1      | 124 ||| SHOPLISTING scroll of enchant weapon (75 gold, have
                  | 21).
   124 | D:1      | 124 ||| SHOPLISTING scroll of teleportation (30 gold, have
                  | 21).
   251 | D:1      | 251 ||| FLEEEEING.
   252 | D:1      | 252 ||| FLEEEEING.
   254 | D:1      | 254 ||| FLEEEEING.
   274 | D:1      | Reached XP level 3. HP: 29/29 MP: 3/3
   496 | D:1      | 496 ||| UPGRADING to +0 leather armour.
   506 | D:1      | 506 ||| DROPPING +0 robe.
   507 | D:1      | 507 ||| READING scroll labelled CUULADD FITA.
   508 | D:1      | 508 ||| READING scroll labelled BIMMEY MOASIRO.
   512 | D:1      | 512 ||| READING scroll labelled SETYAN AHITU.
   513 | D:1      | 513 ||| READING scroll labelled LANGAPTOVA.
   514 | D:1      | 514 ||| DROPPING scroll of poison.
   631 | D:2      | Found Pozoz's Assorted Antiques.
   635 | D:2      | 635 ||| BUYING encrusted copper wand (96 gold).
   635 | D:2      | Bought an encrusted copper wand for 96 gold pieces
   635 | D:2      | 635 ||| SHOPLISTING pair of embroidered gloves (180 gold,
                  | have 5).
   635 | D:2      | 635 ||| SHOPLISTING pair of warped gloves (228 gold, have
                  | 5).
   635 | D:2      | 635 ||| SHOPLISTING scroll labelled ARIJODA NUFUKU (24
                  | gold, have 5).
   635 | D:2      | 635 ||| SHOPLISTING scroll labelled ZOTIKIGOFF (24 gold,
                  | have 5).
   650 | D:2      | Reached skill level 4 in Ranged Weapons
  1206 | D:2      | 1206 ||| READING scroll labelled CEUNNU KOGG.
  1207 | D:2      | 1207 ||| DRINKING 2 amethyst potions.
  1208 | D:2      | 1208 ||| DROPPING wand of roots (7).
  1242 | D:3      | Reached XP level 4. HP: 36/36 MP: 4/4
  1247 | D:3      | Found Darez's Assorted Antiques.
  1256 | D:3      | 1256 ||| BUYING 2 lumpy emerald potions (45 gold).
  1256 | D:3      | Bought 2 lumpy emerald potions for 45 gold pieces
  1256 | D:3      | 1256 ||| SHOPLISTING blue potion (22 gold, have 16).
  1256 | D:3      | 1256 ||| SHOPLISTING murky grey potion (22 gold, have 16).
  1256 | D:3      | 1256 ||| SHOPLISTING scroll labelled ARIJODA NUFUKU (25
                  | gold, have 16).
  1256 | D:3      | 1256 ||| SHOPLISTING scroll labelled KAZELO CASO (25 gold,
                  | have 16).
  1256 | D:3      | 1256 ||| SHOPLISTING scroll labelled WEQIADW FYQIHU (25
                  | gold, have 16).
  1484 | D:3      | Reached skill level 5 in Ranged Weapons
  1488 | D:3      | HP: 4/36 [gnoll/+0 whip[a gnoll bouda] (7)]
  1488 | D:3      | Slain by a gnoll

Levels and vault maps discovered:
D:1:      dpeg_arrival_refuge, layout_rooms, serial_shops,
          nicolae_shop_advertising_works [nicolae_subvault_shop_adworks],
          corexii_leaking_fountain
D:2:      layout_basic, serial_shops, shop
D:3:      layout_basic, serial_shops, shop

Skill      XL: |  1  2  3  4 |
---------------+-------------+-----
Ranged Weapons | 3 4 5 |  5.2
Fighting       | 2 |  2.0
Dodging        | |  2.1
Spellcasting   | |  1.0
Hexes          | |  2.0

Action                     |  1- 3 |  4- 6 || total
---------------------------+-------+-------++-------
   Fire: Sling             |   112 |    29 ||   141
    Use: Scroll            |     5 |       ||     5
         Potion            |     1 |       ||     1
 Armour: Robe              |     4 |       ||     4
         Leather armour    |     3 |     3 ||     6
  Dodge: Dodged            |    22 |    16 ||    38

Table legend:
 A = Non-vault XP
 B = Vault XP
 C = Vault XP percentage of total XP
 D = Non-vault monster count
 E = Vault monster count
 F = Vault count percentage of total count
                 A         B        C        D         E       F
            +---------+---------+-------+---------+---------+-------
      Total |     165 |       0 |   0.0 |      51 |       0 |   0.0
            +---------+---------+-------+---------+---------+-------
        D:1 |      46 |       0 |   0.0 |      26 |       0 |   0.0
        D:2 |      50 |       0 |   0.0 |      16 |       0 |   0.0
        D:3 |      69 |       0 |   0.0 |       9 |       0 |   0.0
            +---------+---------+-------+---------+---------+-------
